Selects Airborne Battlegroup
Construct Weapon Support Center
Selects Smoke Bombing Run
Selects Paratrooper Squad Paradrop
Paratrooper Squad Paradrop
Improved M9 Bazooka Rockets
Paratrooper Squad Paradrop
Construct Medical Station
M18 Hellcat Tank Destroyer
M4(105) Sherman Bulldozer
Selects Carpet Bombing Run
Selects Anti-tank Gun Team Paradrop
M18 Hellcat Tank Destroyer
M18 Hellcat Tank Destroyer
Paratrooper Squad Paradrop
M4(105) Sherman Bulldozer